 Dungeon Crawl Stone Soup version 0.17-a0-1115-g0372368 (webtiles) character file.

241 ataraxiacalls the Chopper (level 5, -2/42 HPs)
             Began as a Demonspawn Chaos Knight on May 22, 2015.
             Slain by tinkerttoy's ghost (6 damage)
             ... on level 4 of the Dungeon.
             The game lasted 00:13:52 (2717 turns).

ataraxiacalls the Chopper (Demonspawn Chaos Knight) Turns: 2717, Time: 00:13:54

Health: -2/42      AC: 17    Str: 11 (12) XL:     5   Next: 80%
Magic:  5/5        EV:  5    Int: 19      God:    Xom [...*..]
Gold:   171        SH:  0    Dex: 12      Spells: 0 memorised, 4 levels left

rFire  . . .     SeeInvis .     a - +0 hand axe (chaos)
rCold  . . .     Clarity  .     v - +0 chain mail
rNeg   + . .     SustAt   .     (no shield)
rPois  .         Gourm    .     (no helmet)
rElec  .         Spirit   .     (no cloak)
rCorr  .         Warding  .     (no gloves)
rMut   .         Stasis   .     d - +0 pair of boots
MR     .....                    (no amulet)
Stlth  ..........               u - +3 ring of protection
                                l - ring of positive energy

@: brilliant, not resistant to hostile enchantments, extremely unstealthy
A: claws 1, rough black scales 1, nightstalker 1
a: Renounce Religion


You were on level 4 of the Dungeon.
You worshipped Xom.
You were a favourite toy of Xom.
You were not hungry.

You visited 1 branch of the dungeon, and saw 4 of its levels.

You collected 171 gold pieces.

Inventory:

Hand weapons
 a - a +0 hand axe of chaos (weapon)
 x - a +0 war axe
 y - a +0 hunting sling
 B - a +3 vampiric dagger
Missiles
 n - 83 arrows
 z - 61 stones (quivered)
Armour
 b - a +2 leather armour
 d - a +0 pair of boots (worn)
 k - a +0 scale mail
 v - a +0 chain mail (worn)
Jewellery
 l - a ring of positive energy (left claw)
 u - a +3 ring of protection (right claw)
Scrolls
 e - a scroll of fog {unknown}
 i - 5 scrolls of identify
 p - 4 scrolls of teleportation
 s - a scroll of magic mapping {unknown}
 t - a scroll of fear
 w - a scroll of recharging {unknown}
 E - a scroll of remove curse
 G - a scroll of enchant weapon {unknown}
Potions
 j - 2 potions of lignification
 o - a potion of haste {unknown}
 r - a potion of flight {unknown}
 F - a potion of agility {unknown}
Books
 A - a book of Air

   Spells                             Type                      Level
   a - Shock                          Conjuration/Air              1
   b - Swiftness                      Charms/Air                   2
   c - Repel Missiles                 Charms/Air                   2
   d - Static Discharge               Conjuration/Air              3
   e - Lightning Bolt                 Conjuration/Air              5
Comestibles
 c - 4 bread rations
 h - 3 meat rations


   Skills:
 + Level 4.1 Fighting
 * Level 4.6 Axes
 + Level 3.1 Armour
 - Level 0.8 Dodging


You had 4 spell levels left.
You didn't know any spells.

Dungeon Overview and Level Annotations

Branches:
Dungeon (4/15)
 Temple: D:4-7

Altars:
Xom

Annotations:
D:4 tinkerttoy's ghost, average DrCK


Innate Abilities, Weirdness & Mutations

You have sharp fingernails.
You are partially covered in rough black scales (AC +4, Dex -1).
You are slightly more attuned to the shadows.


Message History

You closely miss tinkerttoy's ghost.
Tinkerttoy's ghost is lightly damaged.
Something bites you but does no damage. Tinkerttoy's ghost hits you.
* * * LOW HITPOINT WARNING * * *
Your white imp closely misses something.
Drink which item? (? for menu, Esc to quit)
It was a potion of brilliance.
You feel clever all of a sudden.
Xom roars with laughter!
Something bites you but does no damage.
Tinkerttoy's ghost hits you but does no damage.
Something bites you but does no damage.
Your white imp misses something.
Drink which item? (? for menu, Esc to quit)
It was a potion of degeneration.
There was something very wrong with that liquid.
You feel weakened.
You hear a splashing noise.
Tinkerttoy's ghost hits you.
You die...
Xom howls with laughter!

# #......≈≈♣ #
#.##.##≈≈♣
####....##.≈♣♣♣≈.≈♣♣♣≈
[.........≈≈≈≈≈≈.≈≈≈≈
#########.≈...≈.≈≈.. #
#W.≈≈≈≈≈.≈≈ #
#..≈♣♣♣≈.≈♣ ### #..≈♣
♣≈≈≈♣ ..# #.≈≈♣ ♣W@≈♣
#.# #..≈≈≈≈≈{≈≈≈≈≈≈
#.# ##≈≈..≈5≈5≈.≈..
#.# ###.##....... ..#
## ###.#### ### ## h
##


You could see tinkerttoy's ghost, a friendly white imp and a friendly ufetubus.

Vanquished Creatures
  2 orc wizards (D:4)
  A giant frog skeleton (D:4)
  An iguana (D:4)
  3 gnolls (D:2)
  An adder (D:3)
  2 oozes
  2 worms (D:3)
  2 giant geckos (D:3)
  2 orcs (D:4)
  3 giant cockroaches
  5 hobgoblins
  11 jackals
  A ball python (D:3)
  10 bats
  A giant gecko skeleton (D:4)
  8 giant newts
  9 goblins
  9 kobolds
  5 rats
78 creatures vanquished.

Vanquished Creatures (collateral kills)
  A gnoll (D:2)
1 creature vanquished.

Grand Total: 79 creatures vanquished

Notes
Turn   | Place    | Note
--------------------------------------------------------------
     0 | D:1      | ataraxiacalls the Demonspawn Chaos Knight began the quest for the Orb.
     0 | D:1      | Reached XP level 1. HP: 18/18 MP: 1/1
    19 | D:1      | XOM: divination: detect creatures
    26 | D:1      | XOM: silly message
   130 | D:1      | XOM: harmless Trmt miscast
   155 | D:1      | Gained mutation: You are slightly more attuned to the shadows. [demonic ancestry]
   155 | D:1      | Reached XP level 2. HP: 18/24 MP: 2/2
   162 | D:1      | XOM: potion effect (berserk rage)
   190 | D:1      | XOM: silly message
   381 | D:1      | XOM: divination: detect items
   813 | D:2      | Reached XP level 3. HP: 19/29 MP: 3/3
   937 | D:2      | XOM: confuse monster(s)
   976 | D:2      | Gained mutation: You are partially covered in rough black scales (AC +4, Dex -1). [demonic ancestry]
   976 | D:2      | Reached XP level 4. HP: 14/35 MP: 4/4
  1460 | D:2      | You fall through a shaft!
  1703 | D:3      | XOM: scenery: create altars
  1775 | D:3      | XOM: divination: detect items
  2002 | D:3      | Reached skill level 4 in Axes
  2331 | D:4      | Gained mutation: You have sharp fingernails. [demonic ancestry]
  2331 | D:4      | Reached XP level 5. HP: 36/42 MP: 5/5
  2333 | D:4      | XOM: swap monsters
  2439 | D:4      | Noticed tinkerttoy's ghost (average DrCK)
  2630 | D:4      | Noticed a phantom
  2678 | D:4      | XOM: divination: detect creatures
  2714 | D:4      | XOM: summons 2 friendly demons
  2717 | D:4      | Slain by tinkerttoy's ghost

Vault maps used:
D:1:      minmay_arrival_checkered_box
D:2:      hex_large, kennysheep_nondescript
D:3:      kennysheep_generic_room_12
D:4:      overflow_temple_1_default, lemuel_doored_altar, kennysheep_boxes,
          uniq_natasha

Action                   |  1- 3 |  4- 6 || total
-------------------------+-------+-------++-------
Melee: Hand axe          |   116 |   185 ||   301
  Use: Scroll            |     3 |     2 ||     5
       Potion            |     1 |     7 ||     8
 Stab: Sleeping          |     1 |       ||     1
       Paralysed         |       |     2 ||     2
       Petrified         |       |     1 ||     1
  Eat: Chunk             |       |     5 ||     5
       Beef jerky        |       |     1 ||     1
